 Dungeon Crawl Stone Soup version 0.17-a0-1850-g688e747 (webtiles) character file.

112 wvc the Cudgeler (level 4, -1/35 HPs)
             Began as a Mummy Chaos Knight on Sept 19, 2015.
             Killed from afar by an orc wizard (4 damage)
             ... with a magic dart
             ... on level 3 of the Dungeon.
             The game lasted 00:03:13 (2135 turns).

wvc the Cudgeler (Mummy Chaos Knight)               Turns: 2135, Time: 00:03:13

Health: -1/35      AC:  5    Str: 15    XL:     4   Next: 63%
Magic:  4/4        EV: 11    Int: 12    God:    Xom [...*..]
Gold:   138        SH:  0    Dex: 11    Spells: 0 memorised, 3 levels left

rFire  . . .     SeeInvis .     a - +0 mace (chaos)
rCold  . . .     Clarity  .     b - +2 leather armour
rNeg   + + +     SustAt   .     (no shield)
rPois  ∞         Gourm    .     (no helmet)
rElec  .         Spirit   .     (no cloak)
rCorr  .         Warding  .     (no gloves)
rMut   .         Stasis   .     (no boots)
MR     .....                    (no amulet)
Stlth  +.........               (no ring)
                                h - ring of fire

@: not resistant to hostile enchantments, very unstealthy
A: no food or potions, fire vulnerability, cold resistance 1, negative energy
resistance 3, torment resistance, unbreathing
a: Renounce Religion


You were on level 3 of the Dungeon.
You worshipped Xom.
You were a favourite toy of Xom.
You were not hungry.

You visited 1 branch of the dungeon, and saw 3 of its levels.

You collected 138 gold pieces.

Inventory:

Hand weapons
 a - a +0 mace of chaos (weapon)
 c - a +1 vampiric whip
Armour
 b - a +2 leather armour (worn)
Jewellery
 h - a ring of fire (left hand)
Scrolls
 d - a scroll of enchant armour {unknown}
 e - 3 scrolls of teleportation {unknown}
 f - a scroll of remove curse {unknown}
 g - a scroll of blinking {unknown}


   Skills:
 - Level 3.0 Fighting
 * Level 4.5 Maces & Flails
 - Level 1.5 Armour
 - Level 0.7 Dodging


You had 3 spell levels left.
You didn't know any spells.

Dungeon Overview and Level Annotations

Branches:
Dungeon (3/15)

Altars:


Innate Abilities, Weirdness & Mutations

You do not eat or drink.
Your flesh is vulnerable to fire.
You are immune to poison.
Your flesh is cold resistant.
You are immune to negative energy.
You are immune to unholy pain and torment.
You can survive without breathing.


Message History

The orc wizard casts a spell at you. The puff of flame hits you!
* * * LOW HITPOINT WARNING * * *
You bump into the rock wall.
The orc wizard hits you with a dagger.
* * * LOW HITPOINT WARNING * * *
You hit the orc wizard but do no damage.
The orc wizard is moderately wounded.
The orc wizard misses you. The orc wizard closely misses you.
An orc comes into view. It is wielding a short sword.
You bump into the rock wall.
The orc wizard barely misses you.
You bump into the rock wall.
The orc wizard hits you but does no damage.
You closely miss the orc wizard.
The orc wizard is heavily wounded.
The orc wizard closely misses you.
You bump into the rock wall.
You feel less confused. The orc wizard casts a spell at you.
The magic dart hits you!
You die...

##..#..#.#
#..#..#.# ###
#..#.##.#####
..####..#.##......
#.#.....#.##......
#.#.##.##.##......
#o#.#......'......
#o#.#..##.##......
#@.....##.##......
###.....#.##......
#.#####.########
#.# #.# #.# #.#
### #.# #.#


You could see an orc wizard and an orc.

Vanquished Creatures
  An orc wizard (D:3)
  2 adders (D:2)
  2 worms (D:3)
  2 giant geckos
  3 orcs
  6 bats
  5 giant cockroaches (D:2)
  9 goblins
  2 hobgoblins
  7 kobolds
  A quokka (D:2)
  A ball python (D:1)
  5 giant newts
  15 rats
61 creatures vanquished.

Vanquished Creatures (collateral kills)
  A giant newt (D:2)
1 creature vanquished.

Grand Total: 62 creatures vanquished

Notes
Turn   | Place    | Note
--------------------------------------------------------------
     0 | D:1      | wvc the Mummy Chaos Knight began the quest for the Orb.
     0 | D:1      | Reached XP level 1. HP: 18/18 MP: 1/1
    53 | D:1      | XOM: divination: detect creatures
   144 | D:1      | XOM: potion effect (haste)
   274 | D:1      | XOM: harmless Hex miscast
   279 | D:1      | Reached XP level 2. HP: 20/24 MP: 2/2
   587 | D:1      | XOM: silly message
   634 | D:2      | Reached XP level 3. HP: 25/29 MP: 3/3
   826 | D:2      | XOM: noise
  1200 | D:2      | Reached skill level 4 in Maces & Flails
  1287 | D:2      | Reached XP level 4. HP: 35/35 MP: 4/4
  2093 | D:3      | XOM: divination: detect creatures
  2135 | D:3      | Killed from afar by an orc wizard

Vault maps used:
D:1:      dpeg_arrival_tiny_a, minmay_misc_feat_ornament,
          minmay_shallow_snake_nest
D:2:      minmay_rat_gold_closets
D:3:      lemuel_doored_altar, minitemple, uniq_terence

Action                   |  1- 3 |  4- 6 || total
-------------------------+-------+-------++-------
Melee: Mace              |   114 |    20 ||   134
       Whip              |    30 |    64 ||    94
  Use: Scroll            |     1 |       ||     1
 Stab: Paralysed         |     2 |       ||     2
       Sleeping          |       |     1 ||     1
